 Seeded DCSS version 0.31-a0-640-g39d97e502b (webtiles) character file.

Game seed: 3877469281160814444 (custom seed)

0 Mickster the Ruffian (level 1, -3/8 HPs)
             Began as a Demigod Shapeshifter on Aug 29, 2023.
             Frozen to death by an endoplasm (5 damage)
             ... on level 1 of the Dungeon.
             The game lasted 00:01:29 (52 turns).

Mickster the Ruffian (Demigod Shapeshifter)           Turns: 52, Time: 00:01:29

Health: -3/8       AC:  0    Str: 15    XL:     1   Next: 6%
Magic:  3/3        EV: 12    Int: 12    God:
Gold:   0          SH:  0    Dex: 13    Spells: 0/0 levels left

rFire   . .          .
                       - Unarmed
rCold   . . .        (shield currently unavailable)
rNeg    . . .        (no body armour)
rPois   .            (no helmet)
rElec   .            (no cloak)
rCorr   .            (no gloves)
SInv    .            (no boots)
Will    .....        (no amulet)
Stlth   +            (no ring)
HPRegen 0.21/turn    (no ring)
MPRegen 0.08/turn

%: no passive effects
@: flux-form, glowing
A: glow, contaminating, reduced hp, high MP 1, forlorn, divine attributes
a: Begin Untransformation


You were on level 1 of the Dungeon.
You were something dangerously unstable.
You visited 1 branch of the dungeon, and saw 1 of its levels.

Inventory:

Armour
 a - a +0 animal skin
 e - a +0 robe
Talismans
 c - a beast talisman
 d - a flux talisman (active)
Potions
 b - a potion of lignification


   Skills:
 + Level 0.8 Fighting
 + Level 1.7 Dodging
 + Level 2.7 Unarmed Combat
 + Level 2.6 Shapeshifting


You couldn't memorise any spells.
You didn't know any spells.
Your spell library was empty.

Dungeon Overview and Level Annotations

Branches:
Dungeon (1/15)


Innate Abilities, Weirdness & Mutations

You are something dangerously unstable.
You glow with magical radiation, making you easy to see and hit.
Foes you strike become dangerously contaminated with magical radiation.
Your maximum health is decreased, since you lack skill for your form.
You are incapable of wielding weapons or throwing items.
You have an increased reservoir of magic. (+10% MP)
You shall have no god before yourself.
Your divine heritage dramatically boosts your attributes as you level up.


Message History

You see here a +0 robe.
e - a +0 robe You start removing your armour.
You continue taking off your +0 animal skin.
The endoplasm quivers.
You continue taking off your +0 animal skin. x3
The endoplasm freezes you.
You are frozen.
You finish taking off your +0 animal skin.
There are monsters nearby!
The endoplasm freezes you.
You are frozen.
You begin transforming.
You continue transforming.
The rat barely misses you. The endoplasm barely misses you.
You continue transforming.
The rat closely misses you. The endoplasm closely misses you.
You continue transforming.
The rat bites you. The endoplasm freezes you.
You are frozen.
* * * LOW HITPOINT WARNING * * *
You turn into something dangerously unstable.
Unknown command.
You hit the rat.
The rat begins to glow.
The rat is severely wounded.
The rat barely misses you. The rat closely misses you.
The endoplasm misses you.
You hit the rat.
You kill the rat!
You hit the rat.
The rat begins to glow.
The rat is severely wounded.
The rat bites you.
* * * LOW HITPOINT WARNING * * *
The endoplasm closely misses you.
You hit the rat.
You kill the rat!
The endoplasm freezes you.
You are frozen.
Ouch! That really hurt!
You die...

..♣ .♣ ♣♣.♣♣♣♣..♣
.♣.... .♣..♣.♣...♣♣.♣
..♣♣..♣...♣♣.♣♣♣.♣.♣♣
..♣...♣..♣.♣.♣♣♣..♣♣
♣♣......♣♣.♣♣..♣♣♣<♣
....♣♣..♣.♣♣.♣...♣.♣
♣..♣...♣.♣♣♣♣♣♣.♣♣
♣.J.♣..♣...♣ ♣♣♣
♣.†B.♣♣.♣♣♣.♣
♣....♣...♣
....♣....♣♣.♣
.......♣.. ♣♣ ♣ ♣♣♣♣♣
♣♣♣


You could see an endoplasm.

Vanquished Creatures
  2 rats (D:1)
2 creatures vanquished.

Notes
Turn   | Place    | Note
-------+----------+-------------------------------------------
     0 | D:1      | Mickster the Demigod Shapeshifter began the quest for the
                  | Orb.
     0 | D:1      | Reached XP level 1. HP: 15/15 MP: 3/3
    52 | D:1      | Frozen to death by an endoplasm

Illustrated notes

Levels and vault maps discovered:
D:1:      erik_arrival_cave_to_civilisation [erik_arrival_cave_to_temple],
          layout_loops_ring, dreamdust_ecumenical_altar_drowned_temple,
          item_on_display_a

Action                     || total
---------------------------++-------
  Melee: Unarmed           ||     4
Ability: Begin Untransform ||     1
  Dodge: Dodged            ||     8
   Form: Flux              ||     1

Table legend: (Time is in decaauts)
 A = Elapsed time spent in this place.
 B = Non-inter-level travel time spent in this place.
 C = Inter-level travel time spent in this place.
 D = Time resting spent in this place.
 E = Time spent auto-exploring this place.
 F = Levels seen in this place.
 G = Mean time per level.
                   A        B        C        D        E       F      G
               +--------+--------+--------+--------+--------+-----+--------+
         Total |     51 |     49 |      2 |      0 |     29 |   1 |   51.0 |
       Dungeon |     51 |     49 |      2 |      0 |     29 |   1 |   51.0 |
               +--------+--------+--------+--------+--------+-----+--------+

Top non-repeatable levels by time:
     D:1: 51 daAuts
